 Dungeon Crawl Stone Soup version 0.28-a0-1227-ga9037bb4c8 (webtiles) character file.

Game seed: 5793500919447812241

277 sanka the Shield-Bearer (level 6, -1/53 HPs)
             Began as a Gnoll Fighter on Dec 22, 2021.
             Slain by an orc (3 damage)
             ... on level 3 of the Dungeon.
             The game lasted 00:02:57 (2325 turns).

sanka the Shield-Bearer (Gnoll Fighter)             Turns: 2325, Time: 00:02:58

Health: -1/53      AC:  7    Str: 15    XL:     6   Next: 25%
Magic:  8/8        EV:  8    Int: 16    God:
Gold:   29         SH:  9    Dex: 11    Spells: 8/8 levels left

rFire   . . .      SeeInvis .   a - +0 long sword
rCold   . . .      Faith    .   g - +0 kite shield
rNeg    . . .      Spirit   .   n - +0 scale mail
rPois   .          Reflect  .   (no helmet)
rElec   .          Harm     .   h - scarf {repulsion}
rCorr   .          Rampage  .   (no gloves)
Will    .....                   (no boots)
Stlth   ..........              (no amulet)
HPRegen 0.17/turn               (no ring)
MPRegen 0.11/turn               c - +6 ring of intelligence

@: repel missiles
A: fangs 1, strong nose, distributed training
a: no special abilities


You were on level 3 of the Dungeon.
You visited 1 branch of the dungeon, and saw 3 of its levels.

You collected 29 gold pieces.


Innate Abilities, Weirdness & Mutations

You have very sharp teeth.
Your uncanny sense of smell can sniff out nearby items.
Your experience applies equally to all skills.


   Skills:
 + Level 6.8 Fighting
 + Level 1.9 Short Blades
 + Level 4.9 Long Blades
 + Level 1.9 Axes
 + Level 1.9 Maces & Flails
 + Level 1.9 Polearms
 + Level 1.9 Staves
 + Level 1.9 Slings
 + Level 1.9 Bows
 + Level 1.9 Crossbows
 + Level 1.9 Throwing
 + Level 6.8 Armour
 + Level 1.9 Dodging
 + Level 1.9 Stealth
 + Level 6.8 Shields
 + Level 1.9 Unarmed Combat
 + Level 1.9 Spellcasting
 + Level 1.5 Conjurations
 + Level 1.5 Hexes
 + Level 1.5 Summonings
 + Level 1.5 Necromancy
 + Level 1.5 Translocations
 + Level 1.5 Transmutations
 + Level 1.5 Fire Magic
 + Level 1.5 Ice Magic
 + Level 1.5 Air Magic
 + Level 1.5 Earth Magic
 + Level 1.5 Poison Magic
 + Level 2.1 Invocations
 + Level 1.9 Evocations


You had 8 spell levels left.
You didn't know any spells.
Your spell library was empty.

Inventory:

Hand Weapons
 a - a +0 long sword (weapon)
 b - a +2 flail of holy wrath
Missiles
 l - 5 javelins (quivered)
Armour
 g - a +0 kite shield (worn)
 h - a scarf of repulsion (worn)
 n - a +0 scale mail (worn)
Jewellery
 c - a +6 ring of intelligence (right hand)
 i - a ring of fire
Scrolls
 e - a scroll of enchant weapon {unknown}
 f - a scroll of silence {unknown}
 j - a scroll of noise {unknown}
 m - a scroll of identify {unknown}
 o - a scroll of amnesia {unknown}
Potions
 d - a potion of might
 k - a potion of brilliance {unknown}
 p - a potion of curing {unknown}
 q - a potion of heal wounds {unknown}
 r - a potion of degeneration {unknown}
 s - 2 potions of attraction {unknown}

Dungeon Overview and Level Annotations

Branches:
Dungeon (3/15)

Altars:

Annotations:
D:3 Robin

▒.........▒...............▒
...............▒..........▒
.............).▒......S....
......................▒▒.S.
.............)▒'▒'▒?..▒ .
..........▒▒▒.....▒...▒.
..............gg........ .▒
.....▒▒▒▒gggg....... .▒▒▒
.........og>.......▒ ....
▒▒▒▒▒...g.........▒ ....
▒...............
................
...........▒▒▒▒▒.
...........▒ ............
............


You could see Robin, an orc, 4 hobgoblins, 2 goblins and a ball python
(wandering).


Message History

You barely miss the goblin. Your bite misses the goblin.
You block the hobgoblin's attack. The hobgoblin hits you.
* * * LOW HITPOINT WARNING * * *
The goblin hits you but does no damage. The hobgoblin barely misses you.
The goblin no longer looks unusually strong.
The goblin hits you but does no damage. You block the hobgoblin's attack.
Robin roars a battlecry!
The goblins go into a battle-frenzy!
You hear a shout!
An orc comes into view. It is wielding a +0 club.
The orc shouts!
You block the hobgoblin's attack. Robin throws the goblin at you!
* * * LOW HITPOINT WARNING * * *
You see here 12 gold pieces.
You slash the goblin!
You kill the goblin!
The hobgoblin hits you.
* * * LOW HITPOINT WARNING * * *
The orc hits you with a +0 club.
* * * LOW HITPOINT WARNING * * *
You block the hobgoblin's attack. The goblin closely misses you.
The hobgoblin closely misses you. The orc hits you with a +0 club.
You die...

Action                   |  1- 3 |  4- 6 || total
-------------------------+-------+-------++-------
Melee: Long sword        |    88 |   126 ||   214
       Bite              |     9 |    13 ||    22
Armor: Scale mail        |    42 |    67 ||   109
Dodge: Dodged            |    48 |    67 ||   115
       Repelled          |       |     1 ||     1
Block: Buckler           |    19 |       ||    19
       Kite shield       |    17 |    90 ||   107

Levels and vault maps discovered:
D:1:      evilmike_arrival_fibonacci_small, layout_basic,
          hellmonk_ecumenical_altar_leap_of_faith, corner_web_ring
D:2:      layout_rooms, uniq_terence, uniq_sigmund, uniq_jessica
D:3:      layout_basic, uniq_robin, uniq_ijyb

Notes
Turn   | Place    | Note
-------+----------+-------------------------------------------
     0 | D:1      | sanka the Gnoll Fighter began the quest for the Orb.
     0 | D:1      | Reached XP level 1. HP: 23/23 MP: 1/1
    51 | D:1      | Reached XP level 2. HP: 27/29 MP: 2/2
   165 | D:1      | Found a faded altar of an unknown god.
   369 | D:1      | Reached XP level 3. HP: 35/35 MP: 3/3
   905 | D:2      | Noticed Sigmund
   926 | D:2      | Killed Sigmund
   927 | D:2      | Reached skill level 1 in Short Blades
   927 | D:2      | Reached skill level 1 in Axes
   927 | D:2      | Reached skill level 1 in Maces & Flails
   927 | D:2      | Reached skill level 1 in Polearms
   927 | D:2      | Reached skill level 1 in Staves
   927 | D:2      | Reached skill level 1 in Slings
   927 | D:2      | Reached skill level 1 in Bows
   927 | D:2      | Reached skill level 1 in Crossbows
   927 | D:2      | Reached skill level 1 in Throwing
   927 | D:2      | Reached skill level 1 in Dodging
   927 | D:2      | Reached skill level 1 in Stealth
   927 | D:2      | Reached skill level 1 in Unarmed Combat
   927 | D:2      | Reached skill level 1 in Spellcasting
   927 | D:2      | Reached skill level 1 in Conjurations
   927 | D:2      | Reached skill level 1 in Hexes
   927 | D:2      | Reached skill level 1 in Summonings
   927 | D:2      | Reached skill level 1 in Necromancy
   927 | D:2      | Reached skill level 1 in Translocations
   927 | D:2      | Reached skill level 1 in Transmutations
   927 | D:2      | Reached skill level 1 in Fire Magic
   927 | D:2      | Reached skill level 1 in Ice Magic
   927 | D:2      | Reached skill level 1 in Air Magic
   927 | D:2      | Reached skill level 1 in Earth Magic
   927 | D:2      | Reached skill level 1 in Poison Magic
   927 | D:2      | Reached skill level 1 in Invocations
   927 | D:2      | Reached skill level 1 in Evocations
   927 | D:2      | Reached XP level 4. HP: 10/41 MP: 4/6
   927 | D:2      | Reached XP level 5. HP: 11/47 MP: 4/7
  1267 | D:2      | Noticed Terence
  1288 | D:2      | Killed Terence
  1628 | D:2      | Noticed Jessica
  1648 | D:2      | Killed Jessica
  1649 | D:2      | Reached skill level 2 in Invocations
  1649 | D:2      | Reached XP level 6. HP: 36/53 MP: 8/8
  2295 | D:3      | Noticed Robin
  2325 | D:3      | HP: 4/53 [hobgoblin[Robin] (6)]
  2325 | D:3      | Slain by an orc

Vanquished Creatures
  Sigmund (D:2)
  Jessica (D:2)
  Terence (D:2)
  3 adders
  3 dart slugs
  A ball python (D:1)
  5 endoplasms
  3 giant cockroaches
  9 goblins
  3 hobgoblins (D:1)
  9 jackals
  2 kobolds
  2 quokkas (D:1)
  5 bats
  2 frilled lizards
  4 rats
54 creatures vanquished.
